AoeStats
← 海峡

Four Lakes

507223566Analyzed
1v1 RM · 16d ago on Sep 17, 2026· 24m 22s· 2 players
Game mode
Random Map
Map size
Tiny (2 player)
Population
200
Speed
Normal
Resources
Standard
Victory
Conquest
Starting age
Dark Age
Ending age
Imperial Age
RankedLock teamsTeams togetherTeam positionsShared explorationLock speedFull tech treeHidden civsTurbo modeCheats
Victory
Defeat
🇨🇳 Inca · China
1620
+16
🇨🇳 Inca · China
1619
-16
菜鸟的噩梦
2:55 Loom
11:54 Feudal Age
11:58 Champi Runner
12:24 Double-Bit Axe
12:52 Fishing Lines
20:10 Castle Age
18:27 Fletching
19:30 Forging
19:55 Gold Mining
20:34 Scale Mail Armor
20:14 Champi Warrior
20:54 Squires
22:05 Iron Casting
23:18 Chain Mail Armor
海峡
5:14 Loom
12:54 Feudal Age
13:38 Double-Bit Axe
13:39 Fishing Lines
17:04 Castle Age
15:39 Scale Mail Armor
15:49 Forging
16:15 Champi Runner
17:08 Champi Warrior
18:48 Squires
20:12 Iron Casting
19:53 Arson
21:08 Chain Mail Armor
20:52 Gold Mining
23:33 Wheelbarrow
Connection lost

Rejoining the realm…

Still unreachable

The connection could not be restored.

Session expired

The server has moved on; the page needs a fresh start.